 Dungeon Crawl Stone Soup version 0.31-a0-620-gd1cbd99268 (webtiles) character file.

Game seed: 5756973134431732289

71792 slizer6 the Severer (level 14, -9/137 HPs)
             Began as a Minotaur Berserker on Aug 23, 2023.
             Was a High Priest of Trog.
             Killed from afar by an orc sorcerer (36 damage)
             ... with a bolt of fire
             ... summoned by an orange crystal statue
             ... on level 2 of the Orcish Mines.
             The game lasted 01:15:46 (20575 turns).

slizer6 the Severer (Minotaur Berserker)           Turns: 20575, Time: 01:15:47

Health: -9/137     AC: 37    Str: 27    XL:     14   Next: 99%
Magic:  1/13       EV:  9    Int: -6 (4) God:    Trog [*****.]
Gold:   1472       SH:  0    Dex: 10    Spells: 13/13 levels left

rFire   . . .        f - +8 frozen axe "Frostbite" {freeze, freezing cloud, *Noise Fly rC+}
rCold   + + .        (shield currently unavailable)
rNeg    . . .        K - +1 crystal plate armour {rC+}
rPois   +            o - +2 hat
rElec   .            (no cloak)
rCorr   .            d - +2 pair of gloves
SInv    .            L - +1 pair of boots
Will    +....        A - amulet of regeneration Stlth
                     U - +4 ring of protection
HPRegen 1.22/turn    B - ring of poison resistance
MPRegen 0.13/turn

%: no passive effects
@: confused, flying, slowed, lost intelligence, invisible, unable to read, very
slow
A: horns 2, retaliatory headbutt
a: Renounce Religion, Berserk, Trog's Hand, Brothers in Arms


You were on level 2 of the Orcish Mines.
You worshipped Trog.
Trog was extremely pleased with you.
You visited 3 branches of the dungeon, and saw 19 of its levels.
You also visited: Ice Cave.

You collected 2327 gold pieces.
You spent 855 gold pieces at shops.

Inventory:

Hand Weapons
 c - a +3 battleaxe of flaming
 f - the +8 frozen axe "Frostbite" (weapon) {freeze, freezing cloud, *Noise Fly rC+}
   (You acquired it on level 1 of the Lair of Beasts)

   rC+:       It protects you from cold.
   Fly:       It grants you flight.
   *Noise:    It may make a loud noise when swung.
 X - a +2 heavy orcbow
Missiles
 i - 6 silver javelins
 m - 16 poisoned darts
 J - 3 throwing nets
Armour
 d - a +2 pair of gloves (worn)
 j - -1 gold dragon scales
 o - a +2 hat (worn)
 t - a +1 scale mail of poison resistance
 K - a +1 crystal plate armour of cold resistance (worn)
 L - a +1 pair of boots (worn)
 W - a +1 kite shield of cold resistance
Jewellery
 v - a ring of fire
 x - a ring of protection from cold
 A - an amulet of regeneration (around neck)
 B - a ring of poison resistance (right hand)
 O - a ring of flight
 U - a +4 ring of protection (left hand)
Wands
 s - a wand of iceblast (5) (quivered)
 G - a wand of quicksilver (16)
 N - a wand of charming (9)
 Q - a wand of flame (38)
Scrolls
 b - 5 scrolls of revelation
 e - 5 scrolls of immolation
 g - 7 scrolls of teleportation
 r - 3 scrolls of silence
 u - 4 scrolls of poison
 F - a scroll of vulnerability
 H - a scroll of fear
 P - 2 scrolls of brand weapon
Potions
 a - a potion of heal wounds
 h - 4 potions of might
 n - 2 potions of resistance
 p - 3 potions of mutation
 z - 5 potions of curing
 C - a potion of lignification
 D - 2 potions of ambrosia
 E - 2 potions of haste
 M - a potion of cancellation
 S - a potion of berserk rage {unknown}
 T - 4 potions of enlightenment
 Y - a potion of invisibility


   Skills:
 + Level 16.1 Fighting
 * Level 19.6 Axes
 + Level 16.0 Armour
 - Level 11.4 Dodging


You had 13 spell levels left.
You didn't know any spells.
Your spell library was empty.

Dungeon Overview and Level Annotations

Branches:
Dungeon (12/15)            Temple (0/1) D:5            Lair (5/5) D:9
 Shoals (0/4) Lair:3        Snake (0/4) Lair:2        Slime (0/5) Lair:5
    Orc (2/2) D:12            Elf (0/3) Orc:2         IceCv (visited)

Altars:
Cheibriados
Dithmenos
Hepliaklqana
Nemelex Xobeh
Ru
Sif Muna
Uskayaw
Zin
Jiyva

Shops:
D:6 *   D:12 ([   Orc:2 !**(

Annotations:
Orc:2 1 runed translucent door, exclusion: 3 orange crystal statues


Innate Abilities, Weirdness & Mutations

You have a pair of horns on your head.
You reflexively headbutt those who attack you in melee.


Message History

The orc warrior hits you with a +0 dire flail!
* * * LOW HITPOINT WARNING * * *
The orc warrior barely misses you.
The orange crystal statue fixes its piercing gaze on you.
You are too confused!
You fade into invisibility!
The orc warrior hits you but does no damage.
The orc priest looks encouraged for a moment.
The orc warrior barely misses you.
The orc warrior hits you but does no damage. x2
The orc priest looks encouraged for a moment.
You are too confused!
You are too confused!
The orc warrior closely misses you. The orc warrior barely misses you.
The orc warrior hits you but does no damage.
The orc warrior throws a boomerang.
The boomerang misses the orc warrior.
The boomerang hits you but does no damage.
The orange crystal statue glitters.
You are more confused.
You are too confused!
The orc warrior barely misses you. x2
The orange crystal statue glitters.
You easily resist.
The orc warrior misses you.
You are too confused!
The orc sorcerer hits you but does no damage.
The orc warrior hits you but does no damage.
The orc priest calls down the wrath of Beogh upon you.
The ogre writhes in agony.
The orc warrior hits you with a +0 dire flail.
* * * LOW HITPOINT WARNING * * *
The orc priest calls down the wrath of Beogh upon you.
Something writhes in agony.
The orc wizard gestures at you while chanting.
The orc warrior appears confused.
The orc warrior closely misses the orc warrior.
The orc sorcerer howls an incantation.
You feel troubled.
The orc sorcerer gestures at you while chanting.
The bolt of fire hits you!!!
You die...

#..................#####
#.....####+####...###...
#.....#8...$.8#.........
#.....#.#..$#.#.........
##....#{oo.o..#.........
#.....#O.o[...#.........
#.....#3.oo...#.#.......
#.....#o#ooo#.#......#..
#.....#@oOoo.8#.........
#.....####o####.........
#.......................
##..........###.........
##...........##..##.....
#........##.#...........
##.......###..........##
#....#...#...#...#.###.
##.........#..#...#####.


You could see 2 orange crystal statues, a sun demon (summoned, unable to see
you), an orc sorcerer (summoned), 3 orc warriors, 2 ogres, 3 orc priests, an orc
wizard (summoned, unable to see you) and 4 orcs.

Vanquished Creatures
  A reaper (IceCv)
  3 hydras
  Fannar (D:12)
  3 catoblepae
  Harold (D:11)
  A two-headed ogre (D:12)
  2 boulder beetles
  7 death yaks
  Amaemon (Lair:1)
  Lodul (D:11)
  An orange crystal statue (Orc:2)
  9 orc knights
  A deep elf pyromancer (D:11)
  2 orc sorcerers (Orc:2)
  Pikel (D:5)
  An ugly thing (D:12)
  A cyclops (D:12)
  11 elephants
  6 black mambas
  2 ice statues (IceCv)
  A merfolk siren (Lair:3)
  A torpor snail (Lair:2)
  11 cane toads
  An orange demon (Lair:1)
  3 rime drakes
  A kobold demonologist (D:9)
  3 unseen horrors
  9 komodo dragons
  7 ice devils (IceCv)
  An anaconda simulacrum (IceCv)
  4 trolls
  9 polar bears
  5 hornets (Lair:5)
  11 blink frogs
  Grinder (D:3)
  10 dream sheep
  Sigmund (D:3)
  A shadow (D:8)
  9 spriggans (Lair:5)
  A dire elephant simulacrum (IceCv)
  7 wyverns
  43 yaks
  2 basilisks
  Menkaure (D:5)
  4 vampire mosquitoes (D:12)
  2 harpy simulacra (IceCv)
  2 nagas (Lair:2)
  8 wargs (Orc:2)
  14 water moccasins
  A black bear (Lair:1)
  3 ice beasts
  31 orc warriors
  2 boggarts (Lair:5)
  36 wolves
  9 ogres
  3 lemures (D:5)
  4 centaurs
  16 bullfrogs
  A gnoll sergeant (D:7)
  5 scorpions
  A cane toad simulacrum (IceCv)
  5 wights (D:6)
  2 two-headed ogre simulacra (IceCv)
  An elephant simulacrum (IceCv)
  4 electric eels
  3 howler monkeys
  A lava snake (D:10)
  3 jellies
  10 orc priests
  3 gnoll boudas
  4 hounds
  Terence (D:3)
  2 sleepcaps
  Ijyb (D:3)
  7 iguanas
  12 orc wizards
  3 spriggan simulacra (IceCv)
  2 troll simulacra (IceCv)
  2 wolf simulacra (IceCv)
  4 adders
  14 gnolls
  A naga simulacrum (IceCv)
  2 shadow imps
  3 white imps
  5 ufetubi
  A worm (D:5)
  6 dart slugs
  71 orcs
  7 ball pythons
  4 endoplasms
  4 giant cockroaches
  5 goblins
  5 hobgoblins
  2 jackals (D:1)
  A bat (D:3)
  3 frilled lizards
  12 kobolds
  9 rats
566 creatures vanquished.

Vanquished Creatures (collateral kills)
  A hydra (Lair:5)
  An orc knight (Orc:2)
  An orc sorcerer (Orc:1)
  A polar bear (Lair:5)
  A hornet (Lair:5)
  4 yaks
  3 spriggans (Lair:5)
  A warg (Orc:2)
  5 orc warriors (Orc:2)
  2 black bears (Lair:5)
  A boggart (Lair:5)
  2 wolves (Lair:5)
  6 orcs
29 creatures vanquished.

Vanquished Creatures (others)
  2 orc priests (Orc:1)
  2 orcs
4 creatures vanquished.

Grand Total: 599 creatures vanquished

Notes
Turn   | Place    | Note
-------+----------+-------------------------------------------
     0 | D:1      | slizer6 the Minotaur Berserker began the quest for the Orb.
     0 | D:1      | Reached XP level 1. HP: 19/19 MP: 0/0
   172 | D:1      | Reached XP level 2. HP: 27/27 MP: 1/1
   691 | D:1      | Reached skill level 4 in Axes
   851 | D:2      | Reached XP level 3. HP: 30/33 MP: 2/2
   927 | D:2      | Found a faded altar of an unknown god.
   933 | D:2      | Identified the +5 hand axe "Dodoun" {freeze, rF+}
  1377 | D:2      | Reached ** piety under Trog
  1690 | D:3      | Noticed Sigmund
  1702 | D:3      | Killed Sigmund
  1703 | D:3      | Reached XP level 4. HP: 35/41 MP: 3/3
  1703 | D:3      | Reached XP level 5. HP: 41/47 MP: 4/4
  1877 | D:3      | Noticed Terence
  1877 | D:3      | Noticed Ijyb
  1883 | D:3      | Killed Ijyb
  1884 | D:3      | Reached skill level 5 in Fighting
  1884 | D:3      | Reached skill level 5 in Axes
  1885 | D:3      | Killed Terence
  1929 | D:3      | Reached XP level 6. HP: 53/56 MP: 5/5
  2070 | D:3      | Noticed Grinder
  2070 | D:3      | Paralysed by Grinder for 2 turns
  2079 | D:3      | Killed Grinder
  2228 | D:3      | Found a snail-covered altar of Cheibriados.
  2461 | D:4      | Reached skill level 5 in Armour
  2526 | D:4      | Reached XP level 7. HP: 60/62 MP: 6/6
  2980 | D:4      | Identified the +0 chain mail "Fuajiqoc" {-Cast Rampage
                  | Str+3}
  3742 | D:5      | Entered Level 5 of the Dungeon
  3780 | D:5      | Reached skill level 6 in Axes
  3807 | D:5      | Reached skill level 5 in Dodging
  3970 | D:5      | Found a staircase to the Ecumenical Temple.
  4004 | D:5      | Noticed Pikel
  4014 | D:5      | Killed Pikel
  4015 | D:5      | Reached XP level 8. HP: 71/71 MP: 7/7
  4201 | D:5      | Found a hazy altar of Hepliaklqana.
  4203 | D:5      | Noticed Menkaure
  4204 | D:5      | Found a sacrificial altar of Ru.
  4213 | D:5      | Killed Menkaure
  4214 | D:5      | Reached skill level 7 in Axes
  4484 | D:5      | Reached *** piety under Trog
  5108 | D:6      | Reached XP level 9. HP: 79/81 MP: 8/8
  5313 | D:6      | Found Xepreaw's Lightly-Used Armoury.
  5318 | D:6      | Bought a -3 executioner's axe for 1 gold piece
  5646 | D:6      | Reached skill level 8 in Axes
  5977 | D:7      | Found a shimmering blue altar of Sif Muna.
  6574 | D:7      | Found a glowing silver altar of Zin.
  7362 | D:8      | Reached skill level 9 in Axes
  7653 | D:8      | Found a hide-covered altar of Uskayaw.
  7952 | D:9      | Noticed a kobold demonologist
  7955 | D:9      | Noticed a rust devil
  7963 | D:9      | Reached XP level 10. HP: 91/91 MP: 9/9
  8137 | D:9      | Reached **** piety under Trog
  8378 | D:9      | Found a staircase to the Lair.
  8692 | D:10     | Entered Level 10 of the Dungeon
  8916 | D:10     | Identified the +1 trident of Innocence {heavy, *Rage Int+3}
  8962 | D:10     | Reached skill level 10 in Fighting
  8962 | D:10     | Reached skill level 10 in Axes
  9128 | D:10     | Reached skill level 10 in Armour
  9432 | D:10     | Reached XP level 11. HP: 97/101 MP: 10/10
  9526 | D:10     | Found a shadowy altar of Dithmenos.
  9886 | D:11     | Noticed Lodul
  9892 | D:11     | Killed Lodul
  9893 | D:11     | Reached skill level 11 in Axes
 10056 | D:11     | Noticed a deep elf pyromancer
 10074 | D:11     | Killed a deep elf pyromancer
 10075 | D:11     | Reached skill level 10 in Dodging
 10167 | D:11     | Noticed Harold
 10177 | D:11     | Killed Harold
 11000 | Lair:1   | Entered Level 1 of the Lair of Beasts
 11324 | Lair:1   | Reached skill level 12 in Axes
 11411 | Lair:1   | Noticed Amaemon
 11433 | Lair:1   | Killed Amaemon
 11584 | Lair:1   | Found a sparkling altar of Nemelex Xobeh.
 12152 | Lair:2   | Noticed an eight-headed hydra
 12161 | Lair:2   | Killed an 11-headed hydra
 12162 | Lair:2   | Reached XP level 12. HP: 112/112 MP: 11/11
 12332 | Lair:2   | Noticed a seven-headed hydra
 12347 | Lair:2   | Reached skill level 13 in Axes
 12408 | Lair:2   | Killed a 12-headed hydra
 12590 | Lair:2   | Noticed a catoblepas
 12614 | Lair:2   | Killed a catoblepas
 12761 | Lair:1   | Identified a scroll of acquirement
 12761 | Lair:1   | Acquired the +8 frozen axe "Frostbite" {freeze, freezing
                  | cloud, *Noise Fly rC+}
 12761 | Lair:1   | Found the +8 frozen axe "Frostbite" {freeze, freezing
                  | cloud, *Noise Fly rC+}
 13059 | D:6      | Bought -2 gold dragon scales for 770 gold pieces
 13325 | Lair:2   | Reached skill level 14 in Axes
 13384 | Lair:2   | Found a staircase to the Snake Pit.
 14121 | Lair:3   | Noticed a death yak
 14124 | Lair:3   | Noticed a death yak
 14125 | Lair:3   | Noticed a death yak
 14127 | Lair:3   | Killed a death yak
 14130 | Lair:3   | Killed a death yak
 14135 | Lair:3   | Reached skill level 15 in Axes
 14137 | Lair:3   | Killed a death yak
 14297 | Lair:3   | Found a staircase to the Shoals.
 14321 | Lair:3   | Reached XP level 13. HP: 122/122 MP: 12/12
 15100 | Lair:4   | Reached ***** piety under Trog
 15703 | Lair:5   | Entered Level 5 of the Lair of Beasts
 15712 | Lair:5   | Reached skill level 16 in Axes
 16175 | Lair:5   | Found a viscous altar of Jiyva.
 16176 | Lair:5   | Found a staircase to the Slime Pits.
 16224 | Lair:5   | Reached skill level 17 in Axes
 16402 | Lair:5   | Received a gift from Trog
 16403 | Lair:5   | Reached XP level 14. HP: 118/133 MP: 13/13
 16480 | Lair:5   | Reached skill level 15 in Fighting
 16966 | Lair:5   | Reached skill level 18 in Axes
 16970 | Lair:5   | Reached skill level 15 in Armour
 17578 | D:12     | Identified the +3 quarterstaff "Vojaummy" {heavy, Stlth+}
 17643 | D:12     | Noticed Fannar
 17661 | D:12     | Killed Fannar
 17884 | D:12     | Found Boygout's Weapon Emporium.
 17886 | D:12     | Found a staircase to the Orcish Mines.
 17903 | D:12     | Found Oraghoul's Armour Emporium.
 18318 | Orc:1    | Entered Level 1 of the Orcish Mines
 18700 | Orc:2    | Entered Level 2 of the Orcish Mines
 19153 | Orc:2    | Reached skill level 19 in Axes
 19332 | Orc:2    | Found a frozen archway.
 19412 | IceCv    | Entered an ice cave
 19547 | IceCv    | Received a gift from Trog
 19600 | IceCv    | Noticed a reaper
 19613 | IceCv    | Killed a reaper
 19891 | Orc:2    | Found Poicrohyq's General Store.
 19918 | Orc:2    | Bought a scroll of identify for 24 gold pieces
 19961 | Orc:2    | Found Xirchueps's Weapon Boutique.
 19996 | Orc:2    | Found a staircase to the Elven Halls.
 20151 | Orc:2    | Found a runed translucent door.
 20171 | Orc:2    | Found the +10 tower shield of Ignorance {rN+ Int-4}
 20177 | Orc:2    | Found a runed translucent door.
 20259 | Orc:2    | Found Qiosav's General Store.
 20259 | Orc:2    | Found Pehiphan's Distillery.
 20266 | Orc:2    | Bought a scroll of identify for 30 gold pieces
 20266 | Orc:2    | Bought a scroll of identify for 30 gold pieces
 20554 | Orc:2    | Lost intelligence.
 20575 | Orc:2    | Killed from afar by an orc sorcerer

Illustrated notes

Levels and vault maps discovered:
D:1:      amcnicky_arrival_gap_in_the_tavern_cellar, layout_basic,
          item_on_display_a
D:2:      layout_basic, ebering_ecumenical_altar_sacrificial
D:3:      layout_rooms, mainiacjoe_overflow_brackets, uniq_sigmund,
          uniq_grinder, uniq_terence, uniq_ijyb
D:4:      minmay_door_path, layout_basic
D:5:      layout_basic, mainiacjoe_overflow_catwalk_spiral,
          minmay_temple_entry_grid, uniq_pikel, uniq_menkaure
D:6:      layout_basic, minmay_shop_damaged
D:7:      layout_cave_pods, lemuel_round_altar, zin_academy
D:8:      layout_basic, mainiacjoe_overflow_surrounded_room, chequers_arboretum
D:9:      layout_loops_ring, grunt_lair_entry_orc_guard_hut
D:10:     nicolae_cairo_tiling, layout_grid_maze, grunt_dithmenos_smoke,
          kennysheep_generic_room_4
D:11:     layout_cave_pods, gauntlet_entry_generic, uniq_lodul, uniq_harold
D:12:     layout_roguey, orc_david_3, uniq_fannar
Lair:1:   layout_cave_pods, basic_altar, grunt_megastairs_5, uniq_amaemon
Lair:2:   layout_chaotic_city, guppyfry_snake_entry_island, minivault_25,
          guppyfry_lair_drakes
Lair:3:   layout_loops_ring, minmay_shoals_entry_lonely_mermaid
Lair:4:   layout_hall_layers, serial_bayou_shore_a
Lair:5:   minmay_lair_end_enchanted_forest, layout_gridlike, slime_entry_1,
          infiniplex_staircase_pool
Orc:1:    layout_diamond_mine, enter_volcano_4
Orc:2:    st_orc_town, layout_caves, basic_altar,
          portal_ice_cave_entry_pillars_2, chequers_guarded_unrand_ignorance

Skill      XL: |  1  2  3  4  5  6  7  8  9 10 11 12 13 14 |
---------------+-------------------------------------------+-----
Fighting       | 4 5 6 7 9 10 12 13 14 16 | 16.1
Axes           | 4 5 6 7 9 10 12 15 17 19 | 19.6
Armour         | 3 4 5 6 7 9 10 11 13 14 16 | 16.0
Dodging        | 3 4 5 6 8 9 10 11 | 11.4

Action                     |  1- 3 |  4- 6 |  7- 9 | 10-12 | 13-15 || total
---------------------------+-------+-------+-------+-------+-------++-------
  Melee: Hand axe          |    76 |    32 |   149 |       |       ||   257
         Headbutt          |     5 |     5 |    42 |    86 |   110 ||   248
         Punch             |       |       |     1 |       |       ||     1
         Executioner's axe |       |       |   117 |   365 |   557 ||  1039
 Invoke: Berserk           |     1 |     2 |     7 |    10 |     6 ||    26
         Trog's Hand       |       |     2 |     2 |     5 |     8 ||    17
         Brothers in Arms  |       |       |       |     1 |     7 ||     8
  Evoke: Wand              |       |       |     1 |    15 |    23 ||    39
    Use: Scroll            |       |       |     8 |    16 |     9 ||    33
         Potion            |       |       |     3 |     1 |     3 ||     7
   Stab: Petrified         |       |       |       |     2 |       ||     2
 Armour: Plate armour      |    41 |    11 |   122 |   333 |       ||   507
         Gold dragon scale |       |       |       |    27 |   451 ||   478
         Crystal plate arm |       |       |       |       |    74 ||    74
  Dodge: Dodged            |    22 |     9 |   133 |   242 |   281 ||   687

Table legend: (Time is in decaauts)
 A = Elapsed time spent in this place.
 B = Non-inter-level travel time spent in this place.
 C = Inter-level travel time spent in this place.
 D = Time resting spent in this place.
 E = Time spent auto-exploring this place.
 F = Levels seen in this place.
 G = Mean time per level.
                   A        B        C        D        E       F      G
               +--------+--------+--------+--------+--------+-----+--------+
         Total |  20962 |  19783 |   1179 |   4335 |  10615 |  20 | 1048.1 |
       Dungeon |  12447 |  11753 |    694 |   2437 |   6741 |  12 | 1037.2 |
          Lair |   6246 |   5875 |    371 |   1645 |   2921 |   5 | 1249.2 |
  Orcish Mines |   1911 |   1797 |    114 |    251 |    881 |   2 |  955.5 |
      Ice Cave |    357 |    357 |      0 |      0 |     72 |   1 |  357.0 |
               +--------+--------+--------+--------+--------+-----+--------+

Top non-repeatable levels by time:
  Lair:5: 1679 daAuts
     D:7: 1421 daAuts
  Lair:2: 1400 daAuts
     D:4: 1353 daAuts
  Lair:1: 1344 daAuts
     D:5: 1286 daAuts
     D:9: 1259 daAuts
    D:10: 1246 daAuts
   Orc:2: 1192 daAuts
    D:11: 935 daAuts
  Lair:4: 916 daAuts
  Lair:3: 905 daAuts
     D:2: 905 daAuts
     D:6: 893 daAuts
    D:12: 838 daAuts
